 Dungeon Crawl Stone Soup version 0.21-b1-21-g86478ac (webtiles) character file.

548839 Monsterracer the Conqueror (level 24, -19/249 HPs)
             Began as a Minotaur Berserker on Jan 4, 2018.
             Was the Champion of Trog.
             Demolished by an Orb Guardian (47 damage)
             ... on level 5 of the Realm of Zot.
             The game lasted 01:09:19 (52420 turns).

Monsterracer the Conqueror (Minotaur Berserker)    Turns: 52420, Time: 01:09:20

Health: -19/249    AC: 40    Str: 27 (29) XL:     24   Next: 98%
Magic:  22/22      EV: 16    Int:  4      God:    Trog [******]
Gold:   3696       SH: 20    Dex: 11      Spells: 23/23 levels left

rFire    + + .     SeeInvis .   a - +9 broad axe (freeze)
rCold    + + +     Gourm    .   w - +0 shield {rC+ rF+}
rNeg     . . .     Faith    .   r - +6 plate armour {rC+}
rPois    +         Spirit   .   x - +2 hat
rElec    .         Reflect  +   O - scarf {rC+ rF+}
rCorr    .         Harm     .   g - +2 pair of gloves of the Bard {rPois MR+ Regen+ Str-4}
MR       +++..                  j - +0 pair of boots {run}
Stlth    ..........             i - +3 amulet of reflection
HPRegen  0.91/turn              D - ring of protection from magic
MPRegen  0.18/turn              L - +4 ring of protection

@: quick
A: retaliatory headbutt, horns 2, blurry vision 1, wild magic 1
}: 3/15 runes: serpentine, barnacled, slimy
a: Berserk, Trog's Hand, Brothers in Arms, Burn Spellbooks, Renounce Religion


You were on level 5 of the Realm of Zot.
You worshipped Trog.
Trog was exalted by your worship.
You were not hungry.

You visited 9 branches of the dungeon, and saw 51 of its levels.
You visited 1 bazaar.
You also visited: Bailey.

You collected 5442 gold pieces.
You spent 1746 gold pieces at shops.

Inventory:

Hand Weapons
 a - a +9 broad axe of freezing (weapon)
Armour
 b - a +1 cloak of poison resistance
 g - the +2 pair of gloves of the Bard (worn) {rPois MR+ Regen+ Str-4}
   (You bought it in a shop on level 2 of the Orcish Mines)

   It affects your strength (-4).
   It protects you from poison.
   It affects your resistance to hostile enchantments.
   It increases your rate of regeneration.
 j - a +0 pair of boots of running (worn)
 r - a +6 plate armour of cold resistance (worn)
 w - a +0 shield of resistance (worn)
 x - a +2 hat (worn)
 O - a scarf of resistance (worn)
 S - a +2 pair of boots of flying
Jewellery
 i - a +3 amulet of reflection (around neck)
 m - the ring "Fuhiz" {rPois rF+}
   (You bought it in a shop on level 1 of the Vaults)

   [ring of protection from fire]

   It protects you from fire.
   It protects you from poison.
 y - an uncursed ring of see invisible
 B - the ring "Fonesche" {Str+4 Int+5}
   (You found it on level 2 of the Shoals)

   [ring of intelligence]

   It affects your strength (+4).
   It affects your intelligence (+5).
 D - a ring of protection from magic (left hand)
 E - a +5 ring of evasion
 J - an uncursed ring of resist corrosion
 L - a +4 ring of protection (right hand)
Wands
 f - a wand of digging (47)
 u - a wand of acid (26)
 F - a wand of clouds (3)
 T - a wand of scattershot (5)
Scrolls
 e - 10 scrolls of remove curse
 k - 7 scrolls of fear
 n - 3 scrolls of blinking
 o - 20 scrolls of teleportation
 A - a scroll of magic mapping
 G - 2 scrolls of silence
 K - 3 scrolls of fog
 P - 16 scrolls of identify
Potions
 d - 18 potions of curing
 h - 3 potions of cancellation
 l - 12 potions of lignification
 p - 8 potions of flight
 q - 7 potions of heal wounds
 s - 7 potions of haste
 t - 3 potions of ambrosia
 v - 8 potions of agility
 z - a potion of resistance
 H - 7 potions of magic
 I - 4 potions of mutation
 M - 5 potions of might
 U - 3 potions of invisibility
 W - a potion of berserk rage
Comestibles
 c - 55 rations


   Skills:
 O Level 27 Fighting
 - Level 18.0 Axes
 O Level 27 Armour
 + Level 16.2 Dodging
 - Level 22.2 Shields


You had 23 spell levels left.
You didn't know any spells.

Dungeon Overview and Level Annotations

Branches:
Dungeon (15/15)            Temple (0/1) D:7            Lair (6/6) D:11
 Shoals (4/4) Lair:4        Snake (4/4) Lair:2        Slime (5/5) Lair:6
    Orc (2/2) D:9             Elf (0/3) Orc:2        Vaults (5/5) D:14
  Crypt (0/3) Vaults:2     Depths (5/5) D:15            Zot (5/5) Depths:5

Altars:
Ashenzari
Cheibriados
Elyvilon
Hepliaklqana
Kikubaaqudgha
Makhleb
Nemelex Xobeh
Okawaru
Qazlal
Ru
Trog
Uskayaw
Vehumet
Xom
Yredelemnul
The Shining One
Beogh
Jiyva

Shops:
D:6 [   D:14 (   D:15 (!%   Orc:2 [%}   Shoals:2 [*   Shoals:3 *   Snake:1 !
Snake:2 (   Vaults:1 =   Vaults:4 *

Portals:
Hell: Depths:1 Depths:2 Depths:3 Depths:4 Depths:5
Abyss: Depths:3 Depths:4
Pandemonium: Depths:3 Depths:5
Ziggurat: Depths:2


Innate Abilities, Weirdness & Mutations

You reflexively headbutt those who attack you in melee.
You have a pair of horns on your head.
Scrolls take you a little longer to read.
Your spells are a little harder to cast, but a little more powerful.


Message History

You slice the Orb Guardian!! You freeze the Orb Guardian!
The Orb Guardian is almost dead.
You closely miss the Orb Guardian. You slash the moth of wrath!
You freeze the moth of wrath. You miss the Orb Guardian.
You block the Orb Guardian's attack. x2
The Orb Guardian hits you but does no damage.
You closely miss the Orb Guardian. Your headbutt misses the Orb Guardian.
The Orb Guardian is almost dead.
You slash the Orb Guardian! You freeze the Orb Guardian.
You hit the tentacled monstrosity but do no damage.
You hit the moth of wrath. You freeze the moth of wrath.
You slash the Orb Guardian! You freeze the Orb Guardian.
The Orb Guardian hits you! You block the Orb Guardian's attack.
The moth of wrath barely misses you. You block the Orb Guardian's attack.
The Orb Guardian misses you.
You take 9 damage, and have 210/249 hp.
You miss the Orb Guardian.
The Orb Guardian is almost dead.
You slash the Orb Guardian! You freeze the Orb Guardian.
You hit the tentacled monstrosity. You freeze the tentacled monstrosity.
You slice the moth of wrath!! You freeze the moth of wrath.
You hit the Orb Guardian. You freeze the Orb Guardian.
You block the Orb Guardian's attack. The Orb Guardian hits you!!
You block the tentacled monstrosity's attack. x2
The tentacled monstrosity misses you.
You block the tentacled monstrosity's attack.
The moth of wrath goads the Orb Guardian on!
The Orb Guardian goes berserk!
The moth of wrath goads the Orb Guardian on!
The Orb Guardian goes berserk!
The Orb Guardian hits you!!
You take 43 damage, and have 167/249 hp.
You slice the Orb Guardian!! You freeze the Orb Guardian.
You kill the Orb Guardian!
Trog accepts your kill.
You have mastered Armour!
You hit the Orb Guardian. You freeze the Orb Guardian.
You slash the tentacled monstrosity! You freeze the tentacled monstrosity.
You slash the moth of wrath! You freeze the moth of wrath.
You miss the Orb Guardian.
The Orb Guardian hits you but does no damage.
You block the Orb Guardian's attack.
You block the tentacled monstrosity's attack. x2
The tentacled monstrosity tentacle-slaps you!
The tentacled monstrosity closely misses you.
The Orb Guardian hits you! You block the Orb Guardian's attack.
The moth of wrath angrily waves its antennae.
The moth of wrath closely misses you.
You take 24 damage, and have 143/249 hp.
You barely miss the moth of wrath.
The moth of wrath is almost dead.
You barely miss the tentacled monstrosity.
Your plate armour prevents you from hitting the Orb Guardian.
You slash the Orb Guardian! You freeze the Orb Guardian.
The Orb Guardian hits you but does no damage.
You block the Orb Guardian's attack.
You block the tentacled monstrosity's attack.
The tentacled monstrosity misses you.
The tentacled monstrosity completely misses you.
The tentacled monstrosity grabs you.
The tentacled monstrosity constricts you.
You block the moth of wrath's attack.
You slice the tentacled monstrosity!! You freeze the tentacled monstrosity.
The tentacled monstrosity is moderately wounded.
You closely miss the Orb Guardian. You barely miss the Orb Guardian.
You slash the moth of wrath! You freeze the moth of wrath.
You kill the moth of wrath!
Trog accepts your kill. You block the Orb Guardian's attack.
The Orb Guardian hits you but does no damage.
The Orb Guardian hits you!!! The Orb Guardian hits you.
You hear a deafening roar!
You take 49 damage, and have 95/249 hp.
You slice the tentacled monstrosity!! You freeze the tentacled monstrosity.
The tentacled monstrosity is heavily wounded.
You barely miss the Orb Guardian. You completely miss the Orb Guardian.
You block the Orb Guardian's attack. The Orb Guardian hits you!!!
* * * LOW HITPOINT WARNING * * *
The tentacled monstrosity tentacle-slaps you but does no damage.
You block the tentacled monstrosity's attack.
The tentacled monstrosity barely misses you.
The tentacled monstrosity constricts you.
You take 37 damage, and have 58/249 hp.
The tentacled monstrosity's grasp on you weakens, but your attempt to escape fails.
You block the Orb Guardian's attack. x2; The Orb Guardian hits you!
* * * LOW HITPOINT WARNING * * *
The Orb Guardian hits you!!
* * * LOW HITPOINT WARNING * * *
You block the tentacled monstrosity's attack.
The tentacled monstrosity tentacle-slaps you but does no damage. x2
* * * LOW HITPOINT WARNING * * *
The tentacled monstrosity constricts you.
You take 42 damage, and have 16/249 hp.
Okay, then.
You escape the tentacled monstrosity's grasp.
You block the Orb Guardian's attack. The Orb Guardian hits you!
* * * LOW HITPOINT WARNING * * *
You take 9 damage, and have 7/249 hp.
Unknown command.
You feel much better. The Orb Guardian hits you!!!
You die...

,,,,,,,,,,* #.# #.# ,,,,,,...,*
#.# #.# ,,,,,,....#########.####
##.##### ,,,,,,............#....#
#....... ,,,,,,............####.#
#..##### ,,,,,,............'....#
#..# ,,,,,,............####.#
#.?# ,,,,,,............# #.# #..#
******▓▓########@########▓▓▓▓****
,,,** *.......XXX.....# **,,,
,,,,** *#.............## **,,,,
,,,,,** #.............# **,,,,,
,,,,,,* ##.?.........## *,,,,,,
,,,,,,* #...........# *,,,,,,
,,,,,,* *#$..........#* *,,,,,,
,,,,,,* *.............* *,,,,,,
,,,,,,* **.............#* *,,,,,,


You could see a tentacled monstrosity and 2 Orb Guardians.

Vanquished Creatures
  the Royal Jelly (Slime:5)
  An ancient lich (Zot:2)
  A curse toe (Zot:3)
  3 caustic shrikes (Depths:5)
  8 golden dragons
  Jorgrun (Snake:2)
  2 bone dragons
  An iron giant (Zot:2)
  9 tentacled monstrosities
  5 liches
  An Orb Guardian (Zot:5)
  5 quicksilver dragons
  4 titans
  3 death cobs
  3 krakens
  Polyphemus (Shoals:3)
  17 acid blobs
  An ancient champion (Vaults:2)
  7 storm dragons
  A sphinx (Depths:5)
  7 tengu reavers
  10 draconian monks
  5 nagarajas (Snake:4)
  Roxanne (Shoals:1)
  Ilsuiw (Shoals:4)
  8 azure jellies
  4 shadow dragons
  10 vault wardens
  13 frost giants
  A draconian knight (Zot:4)
  2 ghost moths
  8 fire giants
  Aizul (Shoals:2)
  An orc warlord (Orc:2)
  Louise (D:15)
  3 draconian scorchers
  A draconian annihilator (Zot:5)
  4 spriggan defenders
  2 ghouls (D:14)
  7 ironheart preservers
  27 very ugly things
  An entropy weaver (Vaults:1)
  3 green draconians
  17 stone giants
  3 vampire knights
  A deep elf demonologist (Vaults:4)
  6 spark wasps
  2 red draconians
  2 purple draconians
  4 black draconians
  5 white draconians
  4 yellow draconians
  An eidolon (Vaults:2)
  4 death oozes (Slime:5)
  6 merfolk javelineers
  13 ettins
  A deep elf death mage (Depths:4)
  8 merfolk impalers
  Josephine (D:11)
  3 jiangshi (Depths:5)
  20 fire dragons
  13 yaktaur captains
  7 hydras
  17 naga warriors
  12 ice dragons
  22 great orbs of eyes
  2 rakshasas
  33 vault guards
  7 spriggan air magi
  2 death knights
  16 ogre magi
  3 anacondas
  A catoblepas (Shoals:3)
  7 centaur warriors
  An alligator snapping turtle (Shoals:3)
  4 merfolk avatars
  Erica (D:10)
  A satyr (Shoals:2)
  38 two-headed ogres
  A merfolk aquamancer (Shoals:4)
  6 deep troll shamans
  6 dancing weapons
  Urug (Orc:1)
  A vampire mage (Depths:5)
  6 tengu warriors
  7 death yaks
  2 orc high priests
  3 deep troll earth magi
  5 naga sharpshooters
  4 shock serpents
  8 spriggan berserkers
  3 hell knights
  3 skeletal warriors (D:14)
  An iron troll (Depths:5)
  3 deep elf knights
  15 sea snakes
  18 deep trolls
  A salamander mystic (Snake:2)
  2 shadow wraiths
  6 unseen horrors
  6 wizards
  3 glowing orange brains
  A swamp dragon (Lair:6)
  A glowing orange brain (shapeshifter) (Depths:1)
  A flayed ghost (Depths:2)
  21 ironbrand convokers
  8 deep elf archers
  4 necromancers
  Pikel (D:7)
  A lindwurm (Lair:6)
  9 naga ritualists
  An orb spider (shapeshifter) (Vaults:2)
  21 harpies
  14 orc knights
  7 orc sorcerers
  4 phantasmal warriors
  7 deep elf magi
  3 shining eyes
  6 mana vipers
  A fire giant zombie (Depths:3)
  10 salamanders
  A sphinx skeleton (Depths:3)
  12 fauns
  4 wolf spiders
  5 elephants (Lair:6)
  An elf zombie (Depths:3)
  9 moths of wrath
  15 cyclopes
  17 manticores
  58 ugly things
  25 naga magi
  Joseph (D:10)
  25 black mambas
  A black mamba (shapeshifter) (Depths:5)
  Psyche (D:8)
  10 vault sentinels
  5 guardian serpents
  9 merfolk sirens
  7 water nymphs
  A storm dragon simulacrum (Vaults:3)
  2 eyes of devastation
  4 gargoyles
  A spiny frog (shapeshifter) (Vaults:4)
  5 centaur skeletons
  A smoke demon (Depths:1)
  9 spiny frogs
  2 rime drakes (shapeshifter)
  41 yaktaurs
  3 rime drakes
  A komodo dragon (shapeshifter) (Vaults:3)
  2 redback zombies (D:14)
  3 kobold demonologists (D:14)
  A yaktaur (shapeshifter) (Vaults:2)
  A red devil (Depths:1)
  6 freezing wraiths
  5 komodo dragons
  2 hellwings (Depths:1)
  7 trolls
  A meliai (D:13)
  4 polar bears
  A tengu conjurer (D:13)
  A wind drake (shapeshifter) (Vaults:4)
  36 merfolk
  A queen bee (shapeshifter) (Vaults:2)
  A meliai (shapeshifter) (Vaults:4)
  6 wind drakes
  A tengu simulacrum (Vaults:1)
  6 hornets
  60 slime creatures
  12 hippogriffs
  A blink frog (shapeshifter) (Vaults:3)
  6 blink frogs
  8 snapping turtles
  7 dream sheep (Lair:3)
  4 wraiths
  7 water elementals
  2 yaks (shapeshifter)
  5 spriggans
  Eustachio (D:5)
  A shadow (D:15)
  10 air elementals
  A human (D:9)
  31 yaks
  2 wyverns
  4 hogs (D:9)
  A human (shapeshifter) (Vaults:2)
  6 basilisks
  2 fire bats (Lair:5)
  3 steam dragons (Lair:6)
  A vampire mosquito (D:14)
  2 swamp worms (shapeshifter)
  42 nagas
  4 wargs
  A soldier ant (shapeshifter) (Vaults:1)
  7 acid dragons
  A soldier ant (D:14)
  A water moccasin (shapeshifter) (Depths:1)
  9 water moccasins
  A floating eye (Slime:4)
  13 porcupines
  Duvessa (D:7)
  2 floating eyes (shapeshifter)
  49 orc warriors
  8 ice beasts
  2 slaves (D:7)
  A swamp drake (Lair:6)
  2 sky beasts
  3 black bears
  7 eyes of draining
  2 phantoms
  A hornet zombie (D:14)
  The ghost of PointBlank the Chopper, an amateur DDGl (D:3)
  An eye of draining (shapeshifter) (Vaults:4)
  15 wolves (Lair:4)
  A necrophage (D:9)
  32 ogres
  4 boggarts (Vaults:2)
  11 centaurs
  12 crocodiles
  11 big kobolds
  21 bullfrogs
  Dowan (D:7)
  A water moccasin zombie (D:11)
  2 wyvern zombies
  A gnoll sergeant (D:9)
  A wyvern skeleton (D:8)
  A scorpion (D:7)
  A killer bee (D:12)
  5 wights
  4 electric eels
  4 howler monkeys (D:12)
  3 bullfrog zombies
  10 crimson imps
  11 centaur zombies
  7 jellies
  5 hounds
  2 bullfrog skeletons
  A gnoll shaman (D:4)
  A quasit (D:4)
  29 orc priests
  12 human skeletons (Vaults:1)
  28 orc wizards
  An iron imp (Depths:5)
  5 iguanas
  Terence (D:2)
  8 worker ants
  A bullfrog simulacrum (D:13)
  A hound zombie (D:9)
  2 hound skeletons
  2 mummies (D:14)
  A worker ant zombie (D:11)
  A howler monkey skeleton (D:10)
  22 gnolls
  11 adders
  3 shadow imps
  2 oozes
  3 adder skeletons
  An adder zombie (D:6)
  3 worms
  3 dart slugs
  4 leopard geckos
  117 orcs
  2 ball pythons (D:2)
  4 bats
  7 giant cockroaches
  17 goblins
  16 hobgoblins
  9 jackals
  4 quokkas
  3 frilled lizards
  A goblin zombie (D:8)
  2 hobgoblin zombies (D:8)
  A jackal zombie (D:5)
  71 kobolds
  3 kobold skeletons (D:8)
  A kobold zombie (D:8)
  A leopard gecko skeleton (D:4)
  An orc skeleton (D:8)
  An orc zombie (D:8)
  8 rats
  12 fungi
  12 plants
  9 tentacles
  A withered plant (D:14)
2028 creatures vanquished.

Vanquished Creatures (collateral kills)
  A merfolk avatar (Shoals:4)
  A merfolk aquamancer (Shoals:4)
2 creatures vanquished.

Vanquished Creatures (others)
  A draconian monk (Zot:2)
  A fire giant (Depths:2)
  5 stone giants
  3 merfolk javelineers
  A yaktaur captain (Vaults:2)
  2 centaur warriors
  A naga warrior (Snake:4)
  A satyr (Shoals:2)
  A glowing orange brain (Depths:2)
  A flayed ghost (Depths:5)
  2 deep elf archers
  A faun (Shoals:2)
  A moth of wrath (Zot:5)
  11 yaktaurs
  A merfolk (Shoals:1)
  3 centaurs
  14 fungi
  20 plants
  26 tentacles
96 creatures vanquished.

Grand Total: 2126 creatures vanquished

Notes
Turn   | Place    | Note
-------+----------+-------------------------------------------
     0 | D:1      | Monsterracer the Minotaur Berserker began the quest for the Orb.
     0 | D:1      | Reached XP level 1. HP: 19/19 MP: 0/0
   229 | D:1      | Reached XP level 2. HP: 27/27 MP: 1/1
  1107 | D:2      | Reached ** piety under Trog
  1175 | D:2      | Reached XP level 3. HP: 32/33 MP: 2/2
  1246 | D:2      | Reached XP level 4. HP: 40/40 MP: 3/3
  1303 | D:2      | Noticed Terence
  1337 | D:2      | Found a bloodstained altar of Trog.
  1492 | D:2      | Killed Terence
  1492 | D:2      | Reached skill level 5 in Axes
  2058 | D:3      | Reached *** piety under Trog
  2058 | D:3      | Reached XP level 5. HP: 47/47 MP: 4/4
  2379 | D:3      | Found a sacrificial altar of Ru.
  2545 | D:3      | Noticed PointBlank's ghost (amateur DDGl)
  2557 | D:3      | Killed PointBlank's ghost
  2557 | D:3      | Reached XP level 6. HP: 55/55 MP: 5/5
  2919 | D:4      | Reached skill level 5 in Fighting
  3041 | D:4      | Got a heavily runed leather armour
  3249 | D:4      | Reached **** piety under Trog
  3259 | D:4      | Reached XP level 7. HP: 59/61 MP: 6/6
  3304 | D:4      | Reached skill level 5 in Armour
  3745 | D:4      | Found a basalt altar of Yredelemnul.
  3805 | D:4      | Found a burning altar of Makhleb.
  3807 | D:4      | Noticed a blizzard demon
  3971 | D:5      | Entered Level 5 of the Dungeon
  4047 | D:5      | Reached skill level 5 in Dodging
  4050 | D:5      | Reached ***** piety under Trog
  4177 | D:4      | Reached XP level 8. HP: 30/70 MP: 7/7
  4744 | D:5      | Identified the cursed +1 leather armour of Wonder {*Drain rElec rCorr Str+7} (You found it on level 4 of the Dungeon)
  4870 | D:5      | Noticed Eustachio
  4921 | D:5      | Killed Eustachio
  5274 | D:5      | Found an ancient bone altar of Kikubaaqudgha.
  5669 | D:6      | Found a shattered altar of Ashenzari.
  5699 | D:6      | HP: 2/73 [orc warrior/glaive (7)]
  5922 | D:6      | Reached XP level 9. HP: 79/79 MP: 8/8
  6175 | D:6      | Found a radiant altar of Vehumet.
  6525 | D:6      | Found Begiczer's Antique Armour Boutique.
  6528 | D:6      | Found a hazy altar of Hepliaklqana.
  6533 | D:6      | Bought a shiny chain mail for 217 gold pieces
  6533 | D:6      | Bought a pair of embroidered boots for 217 gold pieces
  6827 | D:6      | Reached skill level 10 in Axes
  6971 | D:6      | Found a snail-covered altar of Cheibriados.
  7139 | D:7      | Found a sparkling altar of Nemelex Xobeh.
  7164 | D:7      | Noticed Duvessa
  7164 | D:7      | Noticed Dowan
  7171 | D:7      | Killed Duvessa
  7171 | D:7      | Received a gift from Trog
  7178 | D:7      | Killed Dowan
  7343 | D:7      | Noticed Pikel
  7352 | D:7      | Killed Pikel
  7495 | D:7      | Found a staircase to the Ecumenical Temple.
  8109 | D:8      | Found a glowing golden altar of the Shining One.
  8206 | D:8      | Noticed Psyche
  8214 | D:8      | Killed Psyche
  8214 | D:8      | Reached XP level 10. HP: 90/90 MP: 9/9
  8693 | D:8      | Found an iron altar of Okawaru.
  9032 | D:9      | Found a flagged portal.
  9120 | D:9      | Found a white marble altar of Elyvilon.
  9347 | Bailey   | Entered a bailey
  9490 | Bailey   | Noticed an orc knight
  9498 | Bailey   | Killed an orc knight
  9635 | Bailey   | Got a smoking leather armour
  9646 | Bailey   | Identified the cursed +0 leather armour of Dishonesty {rF+} (You found it in a bailey)
 10486 | D:9      | Found a staircase to the Orcish Mines.
 10569 | D:10     | Entered Level 10 of the Dungeon
 10722 | D:10     | Noticed a gargoyle
 10728 | D:10     | Killed a gargoyle
 10798 | D:10     | Received a gift from Trog
 10847 | D:10     | Killed an unseen horror
 10847 | D:10     | Reached XP level 11. HP: 13/99 MP: 10/10
 11174 | D:10     | Noticed Joseph
 11199 | D:10     | Killed Joseph
 11395 | D:10     | Noticed Erica
 11408 | D:10     | Killed Erica
 11408 | D:10     | Reached skill level 10 in Fighting
 12153 | D:11     | Noticed Josephine
 12162 | D:11     | Killed Josephine
 12162 | D:11     | Reached skill level 10 in Armour
 12213 | D:11     | Found a staircase to the Lair.
 12807 | Lair:1   | Entered Level 1 of the Lair of Beasts
 13925 | Lair:2   | Reached XP level 12. HP: 73/110 MP: 11/11
 14276 | Lair:2   | Found a staircase to the Snake Pit.
 14651 | Lair:3   | Noticed a five-headed hydra
 14863 | Lair:3   | Reached skill level 15 in Axes
 14969 | Lair:3   | Killed a five-headed hydra
 16007 | Lair:4   | Noticed an eight-headed hydra
 16017 | Lair:4   | Killed an eight-headed hydra
 16289 | Lair:4   | Found a staircase to the Shoals.
 16326 | Lair:4   | Reached ****** piety under Trog
 16331 | Lair:4   | Received a gift from Trog
 17087 | Lair:5   | Received a gift from Trog
 17131 | Lair:5   | Reached XP level 13. HP: 119/119 MP: 12/12
 18025 | Lair:6   | Entered Level 6 of the Lair of Beasts
 18095 | Lair:6   | Got a translucent rapier
 18764 | Lair:6   | Found a viscous altar of Jiyva.
 18765 | Lair:6   | Found a staircase to the Slime Pits.
 19042 | Lair:6   | Noticed a fire dragon
 19050 | Lair:6   | Killed a fire dragon
 19599 | Orc:1    | Entered Level 1 of the Orcish Mines
 19633 | Orc:1    | Received a gift from Trog
 19642 | Orc:1    | Got a shimmering battleaxe {god gift}
 19643 | Orc:1    | Identified the +1 battleaxe of the New World {flame, rN+ MR+} (Trog gifted it to you on level 1 of the Orcish Mines)
 19795 | Orc:2    | Entered Level 2 of the Orcish Mines
 19998 | Orc:2    | Reached skill level 1 in Shields
 20009 | Orc:2    | Found a roughly hewn altar of Beogh.
 20010 | Orc:2    | Found Xecret's Gadget Emporium.
 20294 | Orc:2    | Found a staircase to the Elven Halls.
 20351 | Orc:2    | Noticed an orc warlord
 20395 | Orc:2    | Killed an orc warlord
 20399 | Orc:2    | Reached XP level 14. HP: 123/133 MP: 13/13
 20653 | Orc:2    | Found Lekoulom's Antique Armour Emporium.
 20653 | Orc:2    | Found a roughly hewn altar of Beogh.
 20657 | Orc:2    | Found Surah's Antique Weapon Shoppe.
 20676 | Orc:2    | Bought a pair of crude gloves for 313 gold pieces
 20686 | Orc:2    | Identified the +2 pair of gloves of the Bard {rPois MR+ Regen+ Str-4} (You bought it in a shop on level 2 of the Orcish Mines)
 20750 | Orc:2    | Received a gift from Trog
 20770 | Orc:2    | Found a roughly hewn altar of Beogh.
 20770 | Orc:2    | Found Caont's Food Shoppe.
 20954 | Orc:2    | Found a roughly hewn altar of Beogh.
 21097 | Orc:1    | Found a transporter.
 21111 | Orc:1    | Found a roughly hewn altar of Beogh.
 21328 | Orc:1    | Found a transporter.
 21351 | Orc:1    | Reached skill level 15 in Fighting
 21400 | Orc:1    | Noticed Urug
 21405 | Orc:1    | Received a gift from Trog
 21412 | Orc:1    | Killed Urug
 21412 | Orc:1    | Reached skill level 5 in Shields
 22017 | D:12     | Identified a scroll of acquirement
 22176 | D:12     | Noticed a frost giant
 22191 | D:12     | Killed a frost giant
 22862 | D:13     | Found a snail-covered altar of Cheibriados.
 23151 | D:13     | Received a gift from Trog
 23168 | D:13     | Got a crystal scimitar {speed}
 23863 | D:14     | Noticed a ghoul
 23882 | D:14     | Killed a ghoul
 24008 | D:14     | Noticed a ghoul
 24031 | D:14     | Killed a ghoul
 24156 | D:14     | Reached XP level 15. HP: 125/145 MP: 14/14
 24204 | D:14     | Found a gate to the Vaults.
 24318 | D:14     | Found Paqav's Weapon Boutique.
 24899 | D:14     | Found a shimmering altar of Xom.
 24994 | D:15     | Entered Level 15 of the Dungeon
 24994 | D:15     | Found Mehodghyw's Distillery.
 25003 | D:15     | Reached skill level 10 in Shields
 25024 | D:15     | Received a gift from Trog
 25083 | D:15     | Bought a potion of heal wounds for 75 gold pieces
 25083 | D:15     | Bought a potion of heal wounds for 75 gold pieces
 25083 | D:15     | Bought a potion of heal wounds for 75 gold pieces
 25213 | D:15     | Found a staircase to the Depths.
 25305 | D:15     | Found a hide-covered altar of Uskayaw.
 25308 | D:15     | Found Guges's Food Shoppe.
 25355 | D:15     | Paralysed by a wizard for 6 turns
 25479 | D:15     | Found Xext's Weapon Boutique.
 25606 | D:15     | Noticed Louise
 25637 | D:15     | Killed Louise
 26085 | Snake:1  | Entered Level 1 of the Snake Pit
 26092 | Snake:1  | Reached skill level 15 in Armour
 26173 | Snake:1  | Found Poatyty's Distillery.
 27144 | Snake:2  | Noticed Jorgrun
 27152 | Snake:2  | Killed Jorgrun
 27152 | Snake:2  | Received a gift from Trog
 27152 | Snake:2  | Reached XP level 16. HP: 157/157 MP: 15/15
 27318 | Snake:2  | Found Hahal's Antique Weapon Emporium.
 28762 | Snake:4  | Entered Level 4 of the Snake Pit
 28955 | Snake:4  | Received a gift from Trog
 29924 | Snake:4  | Received a gift from Trog
 30015 | Snake:4  | Got a serpentine rune of Zot
 30261 | Snake:4  | Reached XP level 17. HP: 155/168 MP: 16/16
 30465 | Shoals:1 | Entered Level 1 of the Shoals
 30643 | Shoals:1 | Reached skill level 15 in Shields
 30664 | Shoals:1 | Noticed Roxanne
 30690 | Shoals:1 | Killed Roxanne
 30691 | Shoals:1 | Identified Roxanne's Volume of Stones (You took it off Roxanne on level 1 of the Shoals)
 31474 | Shoals:2 | Received a gift from Trog
 31613 | Shoals:2 | Found Juac's General Store.
 31661 | Shoals:2 | Found Byxzusof's Armour Shoppe.
 31744 | Shoals:2 | Got a faintly humming crystal plate armour
 31745 | Shoals:2 | Identified the +4 crystal plate armour of Duty {rElec rC+++ Str+4 Int+3 Dex+2 Slay-6} (You acquired it on level 2 of the Shoals)
 31750 | Shoals:2 | Found a transporter.
 31785 | Shoals:2 | Found a flickering gateway to a bazaar.
 31818 | Bazaar   | Entered a bazaar
 31821 | Bazaar   | Found Kuuruss's Food Boutique.
 31829 | Bazaar   | Found Wuuge's Antique Armour Emporium.
 31849 | Bazaar   | Found Kotyseex's Book Shoppe.
 31855 | Bazaar   | Found Ocrom's Distillery.
 31862 | Bazaar   | Bought a potion of heal wounds for 50 gold pieces
 31932 | Shoals:2 | Noticed Aizul
 31947 | Shoals:2 | Killed Aizul
 32274 | Shoals:2 | Found a transporter.
 32551 | Shoals:2 | Paralysed by the power of Zot for 4 turns
 32595 | Shoals:2 | Gained mutation: You are dopey. (Int -2) [mutagenic glow]
 32620 | Shoals:2 | Got a bound wooden ring
 32628 | Shoals:2 | Gained mutation: You expend magic power (3 MP) to strengthen your wands. [mutagenic glow]
 32636 | Shoals:2 | Got a translucent amber ring
 32637 | Shoals:2 | Identified the ring "Fonesche" {Str+4 Int+5} (You found it on level 2 of the Shoals)
 32639 | Shoals:2 | Identified the ring "Duduklur" {*Tele Str+3} (You found it on level 2 of the Shoals)
 32777 | Shoals:3 | Found Beapp's General Store.
 32782 | Shoals:3 | Noticed Polyphemus
 32791 | Shoals:3 | Killed Polyphemus
 32796 | Shoals:3 | Received a gift from Trog
 33028 | Shoals:3 | Noticed a kraken
 33055 | Shoals:3 | Killed a kraken
 33702 | Shoals:4 | Entered Level 4 of the Shoals
 33759 | Shoals:4 | Noticed Ilsuiw
 33760 | Shoals:4 | Noticed a kraken
 33787 | Shoals:4 | Reached XP level 18. HP: 83/180 MP: 17/17
 33823 | Shoals:4 | Killed Ilsuiw
 34398 | Shoals:4 | Got an encrusted hand axe
 34616 | Shoals:4 | Received a gift from Trog
 34646 | Shoals:4 | Got a barnacled rune of Zot
 35758 | Vaults:1 | Entered Level 1 of the Vaults
 35991 | Vaults:1 | Found Voudim's Jewellery Emporium.
 36024 | Vaults:1 | Bought the ring "Fuhiz" {rPois rF+} for 724 gold pieces
 36141 | Vaults:1 | Noticed a lich
 36144 | Vaults:1 | Received a gift from Trog
 36155 | Vaults:1 | Killed a lich
 36532 | Vaults:1 | Got a warped dagger
 37251 | Vaults:2 | Reached XP level 19. HP: 193/193 MP: 18/18
 37371 | Vaults:2 | Received a gift from Trog
 37471 | Vaults:2 | Found a staircase to the Crypt.
 38442 | Vaults:2 | Received a gift from Trog
 38754 | Vaults:3 | Received a gift from Trog
 39831 | Vaults:3 | Reached XP level 20. HP: 196/206 MP: 19/19
 39831 | Vaults:3 | Received a gift from Trog
 40874 | Vaults:4 | Found an iron altar of Okawaru.
 40885 | Vaults:4 | Received a gift from Trog
 41232 | Vaults:4 | Found Onotefec's General Store.
 41565 | Vaults:5 | Entered Level 5 of the Vaults
 41565 | Vaults:5 | Noticed a golden dragon
 41973 | Vaults:4 | Received a gift from Trog
 42079 | Vaults:5 | Reached XP level 21. HP: 217/217 MP: 20/20
 42087 | Vaults:4 | Killed a golden dragon
 42276 | Depths:1 | Entered Level 1 of the Depths
 42900 | Depths:1 | Found the transparent robe
 42970 | Depths:1 | Got a transparent robe
 43348 | Depths:1 | Received a gift from Trog
 43358 | Depths:1 | Found a gateway to Hell.
 43821 | Depths:2 | Found a gateway to a ziggurat.
 43989 | Depths:2 | Received a gift from Trog
 44721 | Depths:3 | Reached XP level 22. HP: 231/231 MP: 21/21
 44816 | Depths:3 | Found a one-way gate to the infinite horrors of the Abyss.
 44908 | Depths:3 | Paralysed by a floating eye for 4 turns
 45019 | Depths:3 | Got a brightly glowing glass ring
 45022 | Depths:3 | Identified the cursed ring "Qahay" {MP+9 AC-3 Int+2} (You found it on level 3 of the Depths)
 45231 | Depths:3 | Found a one-way gate leading to the halls of Pandemonium.
 45406 | Depths:3 | Reached skill level 27 in Fighting
 45584 | Depths:4 | Received a gift from Trog
 45615 | Depths:4 | Reached skill level 10 in Dodging
 45770 | Depths:4 | Noticed a golden dragon
 45781 | Depths:4 | Killed a golden dragon
 46152 | Depths:4 | Lost intelligence.
 46785 | Depths:4 | Received a gift from Trog
 47006 | Depths:5 | Entered Level 5 of the Depths
 47159 | Depths:5 | Reached XP level 23. HP: 180/240 MP: 22/22
 47292 | Depths:5 | Got a faintly glowing buckler
 47304 | Depths:5 | Found a gate to the Realm of Zot.
 47325 | Depths:5 | Identified the +1 buckler of Winter {*Drain rElec rPois Int+3} (You took it off a draconian scorcher on level 5 of the Depths)
 47432 | Depths:5 | Noticed a caustic shrike
 47441 | Depths:5 | Killed a caustic shrike
 47445 | Depths:5 | Noticed a caustic shrike
 47467 | Depths:5 | Killed a caustic shrike
 47484 | Depths:5 | Noticed a caustic shrike
 48122 | Depths:5 | Killed a caustic shrike
 48847 | Slime:1  | Entered Level 1 of the Pits of Slime
 48865 | Slime:1  | Received a gift from Trog
 49057 | Slime:5  | Entered Level 5 of the Pits of Slime
 49245 | Slime:4  | Paralysed by a floating eye for 4 turns
 49258 | Slime:5  | Gained mutation: Potions are less effective at restoring your health. [a shining eye]
 49261 | Slime:5  | Lost mutation: You expend magic power (3 MP) to strengthen your wands. [a shining eye]
 49262 | Slime:5  | Gained mutation: You occasionally shout uncontrollably at your foes. [a shining eye]
 49269 | Slime:5  | Gained mutation: Your body sometimes deteriorates upon taking damage. [a shining eye]
 49280 | Slime:5  | Found a viscous altar of Jiyva.
 49281 | Slime:5  | Noticed the Royal Jelly
 49283 | Slime:5  | Found the +3 sling "Punk" {acid, rCorr}
 49320 | Slime:5  | Killed the Royal Jelly
 49333 | Slime:5  | HP: 10/240 [acid (6)]
 49341 | Slime:4  | Lost mutation: Your body sometimes deteriorates upon taking damage. [potion of mutation]
 49341 | Slime:4  | Lost mutation: You occasionally shout uncontrollably at your foes. [potion of mutation]
 49341 | Slime:4  | Gained mutation: You are agile. (Dex +2) [potion of mutation]
 49341 | Slime:4  | Gained mutation: Your body sometimes deteriorates upon taking damage. [potion of mutation]
 49341 | Slime:4  | Gained mutation: You have large cloven feet. [potion of mutation]
 49342 | Slime:4  | Lost mutation: You are dopey. (Int -2) [potion of mutation]
 49342 | Slime:4  | Lost mutation: Your body sometimes deteriorates upon taking damage. [potion of mutation]
 49342 | Slime:4  | Lost mutation: You are agile. (Dex +2) [potion of mutation]
 49342 | Slime:4  | Lost mutation: You have large cloven feet. [potion of mutation]
 49342 | Slime:4  | Gained mutation: Your spells are a little harder to cast, but a little more powerful. [potion of mutation]
 49342 | Slime:4  | Gained mutation: You are resistant to hostile enchantments. (MR+) [potion of mutation]
 49342 | Slime:4  | Gained mutation: You are partially covered in rugged brown scales. (AC +1, +3% HP) [potion of mutation]
 49343 | Slime:4  | Lost mutation: You are resistant to hostile enchantments. (MR+) [potion of mutation]
 49343 | Slime:4  | Lost mutation: Your spells are a little harder to cast, but a little more powerful. [potion of mutation]
 49343 | Slime:4  | Lost mutation: You are partially covered in rugged brown scales. (AC +1, +3% HP) [potion of mutation]
 49343 | Slime:4  | Gained mutation: You occasionally shout uncontrollably at your foes. [potion of mutation]
 49343 | Slime:4  | Gained mutation: You are partially covered in icy blue scales. (AC +2) [potion of mutation]
 49344 | Slime:4  | Lost mutation: You occasionally shout uncontrollably at your foes. [potion of mutation]
 49344 | Slime:4  | Lost mutation: Potions are less effective at restoring your health. [potion of mutation]
 49344 | Slime:4  | Lost mutation: You are partially covered in icy blue scales. (AC +2) [potion of mutation]
 49344 | Slime:4  | Gained mutation: Scrolls take you a little longer to read. [potion of mutation]
 49344 | Slime:4  | Gained mutation: Your spells are a little harder to cast, but a little more powerful. [potion of mutation]
 49620 | Slime:5  | Received a gift from Trog
 49653 | Slime:5  | Reached XP level 24. HP: 187/249 MP: 6/22
 49668 | Slime:5  | Identified a +0 pair of boots of running (You found it on level 5 of the Pits of Slime)
 49680 | Slime:5  | Identified the Reference Book on the Escort and Curses
 49713 | Slime:5  | Got a smoking demon whip
 49716 | Slime:5  | Identified the +7 demon whip of Cheibriados's Approval {venom, *Contam MP+9 Dex+10} (You found it on level 5 of the Pits of Slime)
 49721 | Slime:5  | Got a slimy rune of Zot
 50076 | Zot:1    | Entered Level 1 of the Realm of Zot
 50538 | Zot:2    | Received a gift from Trog
 50929 | Zot:2    | Noticed an ancient lich
 50944 | Zot:2    | Reached skill level 15 in Dodging
 50946 | Zot:2    | Killed an ancient lich
 51233 | Zot:2    | Found a stormy altar of Qazlal.
 51588 | Zot:3    | HP: 11/249 [shadow dragon/bolt of negative energy (56)]
 51590 | Zot:3    | HP: 2/249 [bone dragon (12)]
 51901 | Zot:4    | Received a gift from Trog
 52104 | Zot:5    | Entered Level 5 of the Realm of Zot
 52414 | Zot:5    | Reached skill level 27 in Armour
 52419 | Zot:5    | HP: 7/249 [Orb Guardian (10)]
 52420 | Zot:5    | Demolished by an Orb Guardian

Skill      XL: |  1  2  3  4  5  6  7  8  9 10 11 12 13 14 15 16 17 18 19 20 21 22 23 24 |
---------------+-------------------------------------------------------------------------+-----
Axes           | 4 5 6 7 9 11 12 14 16 17 18 | 18.0
Fighting       | 4 5 6 7 8 9 11 12 14 16 18 19 20 22 23 25 26 27 | 27.0
Armour         | 3 4 5 6 8 9 10 12 13 14 15 16 17 18 19 20 21 22 24 27 | 27.0
Dodging        | 3 4 5 6 7 8 9 11 14 16 | 16.2
Shields        | 2 9 12 14 16 18 19 20 21 22 | 22.2

Action                   |  1- 3 |  4- 6 |  7- 9 | 10-12 | 13-15 | 16-18 | 19-21 | 22-24 || total
-------------------------+-------+-------+-------+-------+-------+-------+-------+-------++-------
Melee: Hand axe          |    73 |   188 |    81 |       |       |       |       |       ||   342
       Headbutt          |    12 |    26 |    61 |   144 |   205 |   265 |   260 |   373 ||  1346
       War axe           |       |       |   248 |   627 |    12 |       |       |       ||   887
       Morningstar       |       |       |       |    13 |    19 |       |       |       ||    32
       Broad axe         |       |       |       |     5 |   902 |  1205 |  1055 |  1266 ||  4433
       Battleaxe         |       |       |       |       |     9 |       |       |       ||     9
Invok: Berserk           |     2 |     5 |     6 |    13 |    12 |     3 |     3 |    10 ||    54
       Trog's Hand       |       |       |     2 |     1 |       |     4 |     1 |     4 ||    12
       Burn Spellbooks   |       |       |       |     1 |     5 |     1 |     3 |     5 ||    15
       Brothers in Arms  |       |       |       |       |       |     2 |       |     1 ||     3
  Use: Scroll            |       |    10 |     4 |    18 |    17 |    10 |     3 |    21 ||    83
       Potion            |       |       |       |       |       |       |       |    10 ||    10
 Stab: Petrified         |       |       |       |       |       |     3 |       |       ||     3
       Distracted        |       |       |       |       |       |     1 |       |       ||     1
  Eat: Chunk             |     2 |    12 |    19 |    43 |    32 |    27 |    27 |    21 ||   183
       Ration            |       |       |     1 |     1 |     1 |     4 |       |     5 ||    12
Armor: Chain mail        |    35 |    82 |   210 |   340 |   398 |   373 |   161 |       ||  1599
       Plate armour      |       |       |       |       |       |       |     4 |   570 ||   574
Dodge: Dodged            |    33 |    91 |   206 |   502 |   495 |   480 |   284 |   443 ||  2534
Block: Buckler           |       |       |       |       |   123 |       |       |       ||   123
       Reflection        |       |       |       |       |    24 |    76 |   146 |    43 ||   289
       Shield            |       |       |       |       |   100 |   238 |       |   844 ||  1182
       Large shield      |       |       |       |       |       |   860 |  1000 |   303 ||  2163

Vault maps used:
D:1:      dpeg_arrival_round_c, minmay_misc_feat_rows
D:2:      wad_pebble_path, bloody_trog, uniq_terence
D:3:      nicolae_ru_sacrificial_ziggurat, minmay_misc_feat_nine_boxes
D:4:      minmay_goblin_kobold_castle, makhleb_altar_promises_db,
          kennysheep_little_box
D:5:      marbit_many_paths, first_ration, uniq_eustachio
D:6:      lemuel_doored_altar, lemuel_crystal_altar, old_standard_altar,
          serial_shops, shop, vehumet_altar_wand_db
D:7:      nemelex_xobeh_ov_fountains_minmay, temple_fountains, uniq_duvessa,
          uniq_pikel
D:8:      lemuel_round_altar, nicolae_tso_besieged_by_evil, uniq_psyche
D:9:      wad_river_or_something, overflow_temple_1_default, orc_0_dummy,
          enter_bailey_8, grunt_livestock
D:10:     uniq_erica, uniq_joseph
D:11:     due_lair_maze_entry_diamond, uniq_josephine
D:12:     kennysheep_scales
D:13:     minmay_the_grid_triangle_9x9_rhombus_thin, grunt_ministairs_3,
          cheibriados_altar_1
D:14:     david_vaults_5, grunt_decor_mini_mirrors, serial_shops,
          nicolae_shop_window_shopping, serial_undead, serial_undead_a,
          serial_undead_b, serial_undead_e, serial_undead_d, minmay_holes,
          serial_bayou_pond_e, minmay_misc_feat_four_crosses,
          corexii_corridor_pit, tgw_xom
D:15:     hangedman_depths_entry_civil_slaughter, serial_shops, shop, shop,
          shop_coins, basic_altar, water_boxes_lemuel, uniq_louise
Lair:2:   minmay_snake_entry_spellcaster, wad_woods_road_02
Lair:3:   infiniplex_staircase_pool, grunt_megastairs_3
Lair:4:   elwin_shoals_entry_stream, lemuel_fruit_tree,
          infiniplex_staircase_pool_2, serial_bayou_shore_a
Lair:5:   lab_entry_generic
Lair:6:   guppyfry_lair_end_dragon, wormcave, slime_altar_1
Shoals:1: nicolae_shoals_this_corrosion, uniq_roxanne
Shoals:2: gammafunk_its_a_trap, serial_shops, bzr_entry_islet,
          nicolae_shop_crystal, shop_statue, uniq_aizul
Shoals:3: serial_shops, nicolae_shop_trees, uniq_polyphemus
Shoals:4: shoals_end_hangedman, shoal_ilsuiw
Snake:1:  serial_shops, shop
Snake:2:  serial_shops, shop_statue, serial_bayou_shore_b, uniq_jorgrun
Snake:3:  serial_bayou_pond_d
Snake:4:  snake_pit
Slime:4:  cheibrodos_slime_lost_civilization_3
Orc:1:    gammafunk_beogh_shrine, uniq_urug
Orc:2:    grunt_orc_community_town_hall, grunt_orc_community_big_house_1,
          grunt_orc_community_big_house_1, grunt_orc_community_house_3,
          grunt_orc_community_house_2, grunt_orc_community_house_2,
          grunt_orc_community_house_2, grunt_orc_community_house_3,
          grunt_orc_community_house_3
Vaults:1: nicolae_vaults_network_periphery, v_rooms_1, v_misc_15,
          hangedman_vaults_stretched_pinwheel, st_hourglassy,
          dpeg_vaults_monster_box, v_misc_15, ontoclasm_vaults_fault,
          ontoclasm_vaults_ligature, nicolae_vaults_sealed_display,
          dpeg_vaults_monster_row, vaults_room_semicircle,
          nicolae_vaults_little_squares_1, ontoclasm_vaults_misaligned,
          ontoclasm_vaults_loading_screen, serial_shops, nicolae_shop_stone
Vaults:2: nicolae_vaults_triangles, nicolae_vaults_circle_grid_b,
          minmay_crypt_entry_simple_statues, ontoclasm_vaults_pinch,
          nicolae_vaults_little_squares_6, vaults_mumra_bighexcomb,
          nicolae_vaults_back_hallway, vaults_mumra_hexcomb, v_misc_22,
          grunt_vaults_funnel, ontoclasm_vaults_eye,
          infiniplex_enter_wizlab_water
Vaults:3: nicolae_vaults_circle_grid_b, v_misc_11,
          ontoclasm_vaults_loading_screen, nicolae_vaults_border_crossing,
          hangedman_vaults_river_flow, dpeg_vaults_waves, v_misc_4,
          hangedman_vaults_stretched_pinwheel, vaults_mumra_hex, v_misc_14,
          nicolae_vaults_specimen_jars, nicolae_vaults_ring_of_whatevers,
          hangedman_vaults_cutoff
Vaults:4: ontoclasm_vaults_gateway, hangedman_vaults_slither, v_rooms_6,
          v_misc_30, v_misc_27, vaults_room_pools, grunt_vaults_hallway_long,
          grunt_vaults_hallway_short, v_misc_29, nicolae_vaults_what_the_h,
          ontoclasm_vaults_gallery, basic_altar, serial_shops, shop
Vaults:5: uniq_xtahua, uniq_bai_suzhen, uniq_margery
Depths:1: nicolae_twisting_strands, hellmouth_1, minivault_14, spider_trap,
          hangedman_decor_diamond_cutter, st_stairs_4, minmay_evil_grid
Depths:2: lemuel_castle_with_subvaults, enter_ziggurat_d, kennysheep_path_1,
          hell_entry, minmay_staircase_windowed_large
Depths:3: kennysheep_six_static_rooms,
          hangedman_abyss_or_decor_jellyfish_corner, abyss_entry,
          pf_coc_iceberg, rand_demon_pan_entry_1, basic_stair_grate_trap
Depths:4: hangedman_stitches_corridor, hell_entry, abyss_entry, spider_trap,
          minmay_misc_feat_pillars
Depths:5: grunt_x_marks_the_spot, grunt_hell_entry_dis_grunt, solitary_fountain,
          pan_entry
Zot:2:    regret_index_qazlal_generations
Zot:3:    st_large_dragon_hoard_1
Zot:4:    hangedman_zot_decor_scrapings, st_single_dragon_hoard_3, st_stairs_7,
          grunt_ministairs_2, lemuel_baited_zot_trap
Bazaar:   bazaar_kb_twisted_cavern
Bailey:   bailey_axe_1, bailey
